 Dungeon Crawl Stone Soup version 0.27.0-1-g7a089689b8 (webtiles) character file.

Game seed: 17934767705237735828

9 robertstho the Sneak (level 2, -1/26 HPs)
             Began as a Draconian Delver on Aug 6, 2021.
             Slain by a centaur warrior zombie (3 damage)
             ... on level 5 of the Dungeon.
             The game lasted 00:00:28 (26 turns).

robertstho the Sneak (Draconian Delver)               Turns: 26, Time: 00:00:28

Health: -1/26      AC:  4    Str: 14    XL:     2   Next: 3%
Magic:  2/2        EV: 12    Int: 10    God:
Gold:   0          SH:  0    Dex: 12    Spells: 1/1 levels left

rFire    . . .     SeeInvis .   a - +0 falchion
rCold    . . .     Faith    .   (no shield)
rNeg     . . .     Spirit   .   (armour unavailable)
rPois    .         Reflect  .   (helmet restricted)
rElec    .         Harm     .   (no cloak)
rCorr    .         Rampage  .   (no gloves)
Will     .....                  (no boots)
Stlth    +++.......             (no amulet)
HPRegen  0.08/turn              (no ring)
MPRegen  0.08/turn              (no ring)

@: hasted, very quick
A: AC +4, unfitting armour, cold-blooded
a: no special abilities


You were on level 5 of the Dungeon.
You visited 1 branch of the dungeon, and saw 1 of its levels.

Inventory:

Hand Weapons
 a - a +0 falchion (weapon)
Wands
 f - a wand of digging (3)
Scrolls
 b - a scroll of fog
 d - a scroll of fear


   Skills:
 + Level 3.3 Fighting
 + Level 2.0 Long Blades
 + Level 1.8 Dodging
 + Level 4.8 Stealth


You had one spell level left.
You didn't know any spells.
Your spell library was empty.

Dungeon Overview and Level Annotations

Branches:
Dungeon (5/15)             Temple (0/1) D:5

Altars:


Innate Abilities, Weirdness & Mutations

Your plain brown scales are hard. (AC +4)
You cannot fit into any form of body armour.
You are cold-blooded and may be slowed by cold attacks.


Message History

You feel sick. The adder closely misses you.
You riposte.
You barely miss the adder.
The adder is severely wounded.
The adder closely misses you.
You barely miss the adder.
The adder is severely wounded.
You feel sick. The adder barely misses you.
You riposte.
You hit the adder.
You kill the adder!
You have reached level 2!
You hit the centaur warrior zombie.
The centaur warrior zombie is lightly damaged.
You feel sick.
You are no longer poisoned.
The centaur warrior zombie hits you.
* * * LOW HITPOINT WARNING * * *
The centaur warrior zombie kicks you but does no damage.
You feel yourself speed up. The centaur warrior zombie hits you.
* * * LOW HITPOINT WARNING * * *
The centaur warrior zombie kicks you.
* * * LOW HITPOINT WARNING * * *
The centaur warrior zombie hits you but does no damage.
The centaur warrior zombie kicks you but does no damage.
You hit the centaur warrior zombie.
Your tail-slap misses the centaur warrior zombie.
The centaur warrior zombie is lightly damaged.
The centaur warrior zombie hits you but does no damage.
The centaur warrior zombie kicks you but does no damage.
You hit the centaur warrior zombie but do no damage.
The centaur warrior zombie is lightly damaged.
The centaur warrior zombie hits you but does no damage.
The centaur warrior zombie kicks you but does no damage.
You hit the centaur warrior zombie.
The centaur warrior zombie is lightly damaged.
The centaur warrior zombie hits you.
* * * LOW HITPOINT WARNING * * *
The centaur warrior zombie kicks you but does no damage.
You barely miss the centaur warrior zombie.
The centaur warrior zombie is lightly damaged.
The centaur warrior zombie hits you.
You die...

*******,**,###,,,,,***,*
,,,,,,,,,,,..+,,_,,+,,,*
,,,,,,,,***#.#,,,,,*****
**** ,,******* #.#,***,*
*,,, ,,,,,,,* #.#,,,,,*
*,**
,,***#.#####.#+###+#
*,** >** #.............#
*,*, ,* #######.###..##
***,*, .####* #.# #@##
*,,,,, .....#######.#
#Z# *,**,,
.....>....<..#*#.#*
*,*,,,
####.#########*...******
*,*,*, #.* *...,,,,,*
*,*,*, #.* #..$#***,*
*,**,* #.* ##.## *,*
*,***, #.* #.#****,*
**,**** #.* *,,,,,,,*
*,,,,,,


You could see a centaur warrior zombie.

Vanquished Creatures
  An adder (D:5)
1 creature vanquished.

Notes
Turn   | Place    | Note
-------+----------+-------------------------------------------
     0 | D:5      | robertstho the Draconian Delver began the quest for the
                  | Orb.
     0 | D:5      | Reached XP level 1. HP: 19/19 MP: 1/1
    15 | D:5      | Noticed a centaur warrior zombie
    21 | D:5      | Reached XP level 2. HP: 8/26 MP: 2/2
    26 | D:5      | Slain by a centaur warrior zombie

Illustrated notes

Levels and vault maps discovered:
D:5:      layout_loops_ring, okawaru_gym_becter, minitemple,
          mainiacjoe_overflow_six_doors_small, minmay_temple_entry_glassed_door,
          nicolae_ossuary_entry_giza, serial_shops, nicolae_take_the_stairs,
          uniq_grinder

Action                   || total
-------------------------++-------
Melee: Falchion          ||     9
       Tailslap          ||     1
  Use: Scroll            ||     1
       Potion            ||     1
Armor: Skin              ||     8
Dodge: Dodged            ||     4
       Rpst.: Falchion   ||     2
